 Dungeon Crawl Stone Soup version 0.28.0-43-g3370ac3207 (webtiles) character file.

Game seed: 14878463396021868790

35 GreyFruit the Skirmisher (level 3, 0/43 HPs)
             Began as a Demonspawn Abyssal Knight on Mar 7, 2022.
             Was a Believer of Lugonu.
             Succumbed to an adder's poison
             ... on level 2 of the Dungeon.
             The game lasted 00:01:40 (1232 turns).

GreyFruit the Skirmisher (DsAK)                     Turns: 1232, Time: 00:01:41

Health: 0/43       AC:  3    Str: 15    XL:     3   Next: 16%
Magic:  5/5        EV: 11    Int: 11    God:    Lugonu [**....]
Gold:   51         SH:  0    Dex: 13    Spells: 2/2 levels left

rFire   . . .      SeeInvis .   a - +1 spear
rCold   . . .      Faith    .   (no shield)
rNeg    . . .      Spirit   .   b - +0 leather armour
rPois   .          Reflect  .   (helmet restricted)
rElec   .          Harm     .   (no cloak)
rCorr   .          Rampage  .   (no gloves)
Will    .....                   (no boots)
Stlth   ..........              (no amulet)
HPRegen 0.14/turn               (no ring)
MPRegen 0.09/turn               (no ring)

@: berserking (expiring), lethally poisoned (0 -> -3), very quick
A: antennae 1
a: Renounce Religion, Depart the Abyss, Bend Space


You were on level 2 of the Dungeon.
You worshipped Lugonu.
Lugonu was pleased with you.
You visited 1 branch of the dungeon, and saw 2 of its levels.
You visited the Abyss 1 time.

You collected 51 gold pieces.

Inventory:

Hand Weapons
 a - a +1 spear (weapon)
Armour
 b - a +0 leather armour (worn)
Scrolls
 d - a scroll of enchant armour {unknown}
 f - a scroll of summoning {unknown}
 h - a scroll of fog {unknown}
Potions
 c - a potion of berserk rage
 e - a potion of heal wounds {unknown}
 g - a potion of cancellation {unknown}


   Skills:
 + Level 3.2 Fighting
 + Level 2.1 Polearms
 + Level 2.1 Armour
 + Level 1.4 Dodging
 + Level 3.0 Invocations


You had 2 spell levels left.
You didn't know any spells.
Your spell library was empty.

Dungeon Overview and Level Annotations

Branches:
Dungeon (2/15)

Altars:
Kikubaaqudgha


Innate Abilities, Weirdness & Mutations

You have a pair of small antennae on your head.


Message History

The adder is moderately wounded.
You feel sick. The adder closely misses you.
You closely miss the adder.
The adder is moderately wounded.
You feel sick.
You are no longer poisoned.
The adder closely misses you. The adder bites you.
* * * LOW HITPOINT WARNING * * *
You barely miss the adder.
The adder is moderately wounded.
The adder closely misses you.
It was a potion of berserk rage.
A red film seems to cover your vision as you go berserk!
You feel yourself moving faster!
You feel mighty! The adder bites you.
* * * LOW HITPOINT WARNING * * *
You are lethally poisoned!
The adder poisons you!
You barely miss the adder.
The adder is moderately wounded.
* * * LOW HITPOINT WARNING * * *
You feel sick. The adder misses you.
You puncture the adder!
You kill the adder!
Lugonu accepts your kill.
* * * LOW HITPOINT WARNING * * *
You feel sick. The bat misses you.
Your Invocations skill increases to level 3!
You have reached level 3!
Your experience leads to an increase in your attributes!
Increase (S)trength, (I)ntelligence, or (D)exterity?
You feel stronger. x2
You puncture the bat!
You kill the bat!
Lugonu accepts your kill.
You are too berserk!
* * * LOW HITPOINT WARNING * * *
You feel sick.
You see here a bat corpse.
You feel a strong urge to attack something.
You die...

#......# .. #.....#
##.. #.....## ...
#..!...##.#
#####.....#
##.....# #..._..##
#.......# #...##
#.@.....# ......
#..#.....# ......
##†#...#.###.......
#.#...#...#.......
#.#...###.(......#
#.#......###.....#
#.#...............
#.#...#...#.......
#.##.##...#.......


There were no monsters in sight!

Vanquished Creatures
  An adder (D:2)
  2 bats
  6 endoplasms (D:1)
  2 giant cockroaches
  A hobgoblin (D:2)
  A quokka (D:1)
  4 ball pythons
  2 frilled lizards
  3 goblins (D:1)
  2 rats
24 creatures vanquished.

Notes
Turn   | Place    | Note
-------+----------+-------------------------------------------
     0 | Abyss:1  | GreyFruit the Demonspawn Abyssal Knight began the quest for
                  | the Orb.
     0 | Abyss:1  | Reached XP level 1. HP: 18/18 MP: 2/2
     9 | D:1      | Escaped the Abyss
    94 | D:1      | Reached skill level 1 in Dodging
   293 | D:1      | Gained mutation: You have a pair of small antennae on your
                  | head. [demonic ancestry]
   293 | D:1      | Reached XP level 2. HP: 19/24 MP: 4/4
   551 | D:1      | Found a faded altar of an unknown god.
  1176 | D:2      | Found an ancient bone altar of Kikubaaqudgha.
  1203 | D:2      | Reached ** piety under Lugonu
  1229 | D:2      | Reached XP level 3. HP: 2/29 MP: 5/5
  1230 | D:2      | HP: 1/43 [poisoned by an adder]
  1232 | D:2      | Succumbed to an adder's poison

Illustrated notes

Levels and vault maps discovered:
D:1:      minmay_arrival_glassed_features, layout_basic,
          hellmonk_ecumenical_altar_pennies_from_heaven, minmay_fountain_box,
          minmay_cupped
D:2:      layout_rooms, basic_altar, uniq_sigmund

Skill      XL: |  1  2 |
---------------+-------+-----
Dodging        | 1 |  1.4
Armour         | 2 |  2.1
Polearms       | 2 |  2.1
Invocations    | 3 |  3.0
Fighting       | |  3.2

Action                   || total
-------------------------++-------
Melee: Spear             ||    80
  Use: Potion            ||     1
 Stab: Sleeping          ||     1
Armor: Leather armour    ||    15
Dodge: Dodged            ||    48
